 Dungeon Crawl Stone Soup version 0.19-a0-1254-gb9c29c0 (webtiles) character file.

10035 4thArraOfDagon the Cleaver (level 11, -9/85 HPs)
             Began as a Vampire Gladiator on Aug 27, 2016.
             Was an Elder of Okawaru.
             Mangled by Urug
             ... wielding a +2 great mace of flaming
              (18 damage)
             ... in a volcano.
             The game lasted 00:25:38 (5510 turns).

4thArraOfDagon the Cleaver (Vampire Gladiator)      Turns: 5510, Time: 00:25:39

Health: -9/85      AC: 13    Str: 22    XL:     11   Next: 30%
Magic:  12/13      EV: 27    Int: 18    God:    Okawaru [****..]
Gold:   742        SH:  3    Dex: 20    Spells: 0 memorised, 10 levels left

rFire  . . .     SeeInvis +     k - +2 war axe (venom)
rCold  . . .     Gourm    .     q - +3 ring mail "Diuntile" {rElec Regen+ Int+4}
rNeg   . . .     Faith    .     (no shield)
rPois  +         Spirit   .     c - +0 helmet
rElec  +         Dismiss  .     f - +0 cloak
rCorr  .         Reflect  +     (no gloves)
MR     .....     Harm     .     (no boots)
Stlth  ++++......               N - +3 amulet of reflection
                                F - ring of poison resistance
                                D - +3 ring of strength

@: mighty, agile, heroism, regenerating very quickly
A: fangs 3, see invisible, unbreathing, magic vulnerability 1
a: Heroism, Renounce Religion


You were in a volcano.
You worshipped Okawaru.
Okawaru was greatly pleased with you.
You were almost alive.

You visited 3 branches of the dungeon, and saw 14 of its levels.
You also visited: Ossuary and Volcano.

You collected 1031 gold pieces.
You spent 289 gold pieces at shops.

Inventory:

Hand Weapons
 a - a +0 war axe
 k - a +2 war axe of venom (weapon)
 L - a +0 war axe of distortion
 P - a cursed -2 broad axe
 R - a +0 war axe of flaming
Missiles
 G - 4 curare-tipped needles
 Q - 4 tomahawks of dispersal (quivered)
Armour
 b - a +0 leather armour
 c - a +0 helmet (worn)
 f - a +0 cloak (worn)
 q - the +3 ring mail "Diuntile" (worn) {rElec Regen+ Int+4}
   (You found it on level 5 of the Dungeon)

   It affects your intelligence (+4).
   It insulates you from electricity.
   It increases your rate of regeneration.
 S - a +0 scale mail of fire resistance
 U - a +1 plate armour of fire resistance
Jewellery
 D - a +3 ring of strength (left hand)
 F - a ring of poison resistance (right hand)
 M - a +3 ring of dexterity
 N - a +3 amulet of reflection (around neck)
Wands
 r - a wand of slowing (44/48)
Scrolls
 d - 3 scrolls of remove curse
 j - a scroll of enchant weapon
 l - a scroll of fear {unknown}
 p - a scroll of teleportation {unknown}
 s - 2 scrolls of immolation {unknown}
 t - a scroll of noise {unknown}
 u - 4 scrolls of amnesia
 v - a scroll of blinking
 x - a scroll of magic mapping
 y - 6 scrolls of identify
 E - a scroll of random uselessness {unknown}
 H - a scroll of enchant armour {unknown}
 I - 2 scrolls of recharging
 J - a scroll of fog {unknown}
 O - a scroll of holy word {unknown}
Potions
 e - 3 potions of lignification {unknown}
 g - a potion of might
 h - 10 potions of curing {unknown}
 m - 3 potions of brilliance {unknown}
 n - 3 potions of magic {unknown}
 o - 11 potions of blood
 w - a potion of haste
 z - 2 potions of mutation {unknown}
 A - 2 potions of heal wounds
 B - 3 potions of degeneration
 K - 2 potions of ambrosia
 T - a potion of berserk rage
Books
 i - a book of Summonings

   Spells                             Type                      Level
   a - Recall                         Summoning/Translocation      3
   b - Aura of Abjuration             Summoning                    5
   c - Summon Demon                   Summoning                    5
   d - Summon Forest                  Summoning/Translocation      5
   e - Summon Mana Viper              Hexes/Summoning              5
   f - Shadow Creatures               Summoning                    6


   Skills:
 + Level 7.7(12.7) Fighting
 * Level 10.6(15.6) Axes
 - Level 1.5(6.5) Throwing
 + Level 5.9(10.9) Armour
 + Level 9.1(14.1) Dodging
 + Level 3.6 Invocations


You had 10 spell levels left.
You didn't know any spells.

Dungeon Overview and Level Annotations

Branches:
Dungeon (12/15)            Temple (1/1) D:5            Lair (0/6) D:8
    Orc (1/2) D:9

Altars:
Ashenzari
Cheibriados
Dithmenos
Elyvilon
Fedhas
Gozag
Hepliaklqana
Kikubaaqudgha
Makhleb
Nemelex Xobeh
Okawaru
Qazlal
Ru
Sif Muna
Trog
Uskayaw
Xom
Yredelemnul
Zin
The Shining One
Beogh

Shops:
D:4 =   D:8 *   Orc:1 *

Annotations:
D:10 epen's ghost, journeyman MfMo Volcano Urug


Innate Abilities, Weirdness & Mutations

Your natural rate of healing is extremely fast.
You have razor-sharp teeth.
You have supernaturally acute eyesight. (SInv)
You can survive without breathing.
You are slightly vulnerable to magic. (MR-)


Message History

Unknown command.
You closely miss Urug.
Urug is severely wounded.
Unknown command.
Your ring mail "Diuntile" prevents you from hitting Urug.
Urug is severely wounded.
Urug closely misses you.
Unknown command.
Unknown command.
Your ring mail "Diuntile" prevents you from hitting Urug.
Urug is almost dead.
Urug completely misses you.
Unknown command.
Unknown command.
You hit Urug but do no damage.
Urug looks as sick as possible!
Urug is almost dead.
Urug hits you with a great mace of flaming!!!
* * * LOW HITPOINT WARNING * * *
Urug burns you!!
You die...

#### ###§§#
##§§≈§### #≈§≈§≈§§##
#≈§≈≈§§§§###
##≈§..§§≈≈§##
#§[..?§§§≈§≈#
#.∩....≈≈≈§§##
##.)@o.≈≈§≈§§#####
##
##.#..≈.######..###.
#####..(#..#..§§..§
##.))....§§§≈≈≈
####....§§§§§§
#.o..§§≈§≈≈
#....§§§§§≈
##....§≈§§≈
##....≈§≈≈


You could see Urug (berserk).

Vanquished Creatures
  Snorg (D:10)
  An orc high priest (D:9)
  A hill giant (D:9)
  Pikel (D:5)
  2 ugly things
  Maurice (D:8)
  A centaur zombie (D:12)
  A troll (D:8)
  Prince Ribbit (D:5)
  A wyvern (D:8)
  A hippogriff (D:8)
  A steam dragon (D:6)
  2 hell hounds (D:8)
  2 black bears
  11 orc warriors
  4 ice beasts
  A wasp (D:10)
  4 ogres
  4 phantoms
  3 centaurs
  3 big kobolds
  3 giant frogs
  A wyvern zombie (D:6)
  A wyvern skeleton (D:9)
  A water moccasin skeleton (D:8)
  11 wights
  A giant frog zombie (D:6)
  5 crimson imps
  2 hounds
  A gnoll shaman (D:4)
  9 orc priests
  2 centaur skeletons
  13 orc wizards
  Natasha (twice) (D:2)
  2 iguanas
  9 worker ants
  A hound zombie (D:6)
  2 hound skeletons
  9 mummies
  A worker ant zombie (D:6)
  Robin (D:2)
  7 adders
  7 gnolls
  3 shadow imps
  An ooze (D:3)
  5 worms
  A dart slug (D:2)
  6 giant geckos
  48 orcs
  8 giant cockroaches
  19 goblins
  8 hobgoblins
  16 jackals
  16 kobolds
  6 quokkas
  2 ball pythons
  3 bats
  6 giant newts
  2 hobgoblin zombies (Ossuary)
  6 kobold zombies
  An orc zombie (Ossuary)
  5 rats
300 creatures vanquished.

Vanquished Creatures (others)
  Grinder (D:5)
  2 crimson imps (D:5)
  An adder (D:8)
4 creatures vanquished.

Grand Total: 304 creatures vanquished

Notes
Turn   | Place    | Note
-------+----------+-------------------------------------------
     0 | D:1      | 4thArraOfDagon the Vampire Gladiator began the quest for the Orb.
     0 | D:1      | Reached XP level 1. HP: 16/16 MP: 1/1
   145 | D:1      | Reached XP level 2. HP: 22/22 MP: 2/2
   162 | D:1      | Reached skill level 3 in Axes
   250 | D:2      | Reached XP level 3. HP: 27/27 MP: 3/3
   374 | D:4      | Reached XP level 4. HP: 16/34 MP: 4/4
   416 | D:4      | Reached skill level 4 in Axes
   477 | D:4      | Found Ethi's Jewellery Shop.
   602 | D:4      | Reached XP level 5. HP: 19/39 MP: 5/5
   751 | D:5      | Entered Level 5 of the Dungeon
   770 | D:5      | Noticed an ogre
   797 | D:5      | Got a smoking ring mail
   808 | D:5      | Identified the +3 ring mail "Diuntile" {rElec Regen+ Int+4} (You found it on level 5 of the Dungeon)
   877 | D:5      | Reached XP level 6. HP: 34/47 MP: 6/6
   907 | D:5      | Noticed a slave
   914 | D:5      | Noticed Pikel
   938 | D:5      | Noticed a slave
   940 | D:5      | Killed Pikel
   940 | D:5      | Reached skill level 5 in Axes
   940 | D:5      | Reached skill level 1 in Armour
   940 | D:5      | Reached skill level 5 in Dodging
   940 | D:5      | Reached XP level 7. HP: 53/53 MP: 7/7
  1022 | D:5      | Reached skill level 6 in Axes
  1147 | D:5      | Killed Grinder
  1367 | D:7      | Noticed a steam dragon
  1400 | D:6      | Killed a steam dragon
  1400 | D:6      | Reached XP level 8. HP: 38/61 MP: 8/8
  1510 | D:7      | Found a sacrificial altar of Ru.
  1518 | D:7      | Became a worshipper of Ru the Awakened
  1597 | D:7      | Found a sand-covered staircase.
  1607 | Ossuary  | Entered an ossuary
  1653 | Ossuary  | Reached skill level 7 in Axes
  1866 | D:7      | Reached skill level 5 in Fighting
  2059 | D:6      | Reached XP level 9. HP: 53/68 MP: 9/9
  2236 | D:4      | Reached skill level 8 in Axes
  2257 | D:3      | Gained mutation: You are slightly vulnerable to magic. (MR-) [Ru sacrifice]
  2257 | D:3      | Reached * piety under Ru
  2355 | D:2      | Noticed Robin
  2360 | D:2      | Killed Robin
  2698 | D:2      | Noticed Natasha
  2702 | D:2      | Killed Natasha
  2739 | D:2      | Noticed Natasha
  2748 | D:2      | Killed Natasha
  3151 | D:5      | Noticed Prince Ribbit
  3168 | D:5      | Killed Prince Ribbit
  3237 | D:5      | Found a staircase to the Ecumenical Temple.
  3244 | Temple   | Entered the Ecumenical Temple
  3265 | Temple   | Fell from the grace of Ru
  3265 | Temple   | Became a worshipper of Warmaster Okawaru
  3562 | D:8      | Found Plog's Assorted Antiques.
  3573 | D:8      | Bought 2 fizzy inky potions for 39 gold pieces
  3573 | D:8      | Bought a scroll labeled TATYK DOMNIGGE for 22 gold pieces
  3573 | D:8      | Bought a scroll labeled TATYK DOMNIGGE for 22 gold pieces
  3573 | D:8      | Bought a runed war axe for 77 gold pieces
  3573 | D:8      | Bought a scroll labeled XUAPSEXK PITA for 22 gold pieces
  3573 | D:8      | Bought a scroll labeled TATYK DOMNIGGE for 22 gold pieces
  3573 | D:8      | Bought a white potion for 19 gold pieces
  3573 | D:8      | Bought 3 scrolls labeled JUTIMI ERCHI for 66 gold pieces
  3654 | D:8      | Noticed Maurice
  3696 | D:8      | Reached * piety under Okawaru
  3701 | D:8      | Killed Maurice
  3701 | D:8      | Reached skill level 9 in Axes
  3701 | D:8      | Reached skill level 1 in Invocations
  3701 | D:8      | Reached XP level 10. HP: 48/77 MP: 10/10
  3766 | D:8      | Found a staircase to the Lair.
  3863 | D:8      | Reached skill level 5 in Armour
  4350 | D:9      | You fall through a shaft for 3 floors!
  4354 | D:12     | Reached ** piety under Okawaru
  4482 | D:12     | Noticed a white ugly thing
  4492 | D:12     | Killed a white ugly thing
  4579 | D:11     | Reached *** piety under Okawaru
  4587 | D:10     | Entered Level 10 of the Dungeon
  4625 | D:10     | Noticed Snorg
  4645 | D:10     | Killed Snorg
  4645 | D:10     | Reached skill level 10 in Axes
  4817 | D:10     | Noticed a brown ugly thing
  4838 | D:10     | Killed a brown ugly thing
  4923 | D:10     | Noticed epen's ghost (journeyman MfMo)
  5001 | D:9      | Noticed a hill giant
  5017 | D:9      | Killed a hill giant
  5017 | D:9      | Reached **** piety under Okawaru
  5017 | D:9      | Reached XP level 11. HP: 34/84 MP: 11/13
  5198 | D:9      | Found a staircase to the Orcish Mines.
  5218 | Orc:1    | Entered Level 1 of the Orcish Mines
  5218 | Orc:1    | Found Zehuast's General Store.
  5225 | Orc:1    | Noticed an orc high priest
  5247 | D:9      | Killed an orc high priest
  5326 | Orc:1    | Found a roughly hewn altar of Beogh.
  5372 | Orc:1    | Found a dark tunnel.
  5384 | Volcano  | Entered a volcano
  5463 | Volcano  | Noticed Urug
  5510 | Volcano  | Mangled by Urug

Vault maps used:
D:1:      dpeg_arrival_round_a
D:2:      minmay_goblin_outpost, uniq_robin, uniq_natasha
D:3:      uniq_purgy
D:4:      first_bread, serial_shops, shop, grunt_ministairs_14
D:5:      uniq_grinder, uniq_pikel, uniq_prince_ribbit1
D:6:      minmay_opposing_rooms, tgw_trog
D:7:      nicolae_ossuary_entry_giza, grunt_ogre_cave, nicolae_ru_path_of_blood
D:8:      minmay_lair_entry_lava, serial_shops, shop, uniq_maurice
D:9:      hiddenorc1_lemuel, minivault_15
D:10:     serial_column_ruins, column_ruins_courtyard_long,
          column_ruins_hut_ruined, column_ruins_columns_straight,
          column_ruins_grid_1, column_ruins_columns_dead_end,
          column_ruins_columns_straight, uniq_snorg
D:12:     kennysheep_funnel, nicolae_trove_entry_diagonal
Temple:   dpeg_three_leaves_temple
Orc:1:    nicolae_volcano_entry_two_sided, basic_altar, serial_shops, shop
Ossuary:  ossuary_tomb_3
Volcano:  volcano_pools

Skill      XL: |  1  2  3  4  5  6  7  8  9 10 11 |
---------------+----------------------------------+-----
Fighting       | 2 3 4 5 6 7 |  7.7
Axes           | 3 4 5 6 7 9 10 | 10.6
Dodging        | 4 5 6 7 8 9 |  9.1
Armour         | 1 2 3 4 5 |  5.9
Invocations    | 1 3 |  3.6
Throwing       | |  1.5

Action                   |  1- 3 |  4- 6 |  7- 9 | 10-12 || total
-------------------------+-------+-------+-------+-------++-------
Melee: War axe           |    66 |    70 |   439 |   297 ||   872
       Bite              |     5 |    11 |    47 |    39 ||   102
       Punch             |       |       |       |     7 ||     7
Throw: Throwing net      |     4 |     2 |       |     3 ||     9
Invok: Sacrifice Essence |       |       |     1 |       ||     1
       Heroism           |       |       |       |    14 ||    14
Evoke: Wand              |       |     3 |       |     1 ||     4
  Use: Potion            |     3 |     1 |     4 |     6 ||    14
       Scroll            |       |     1 |     9 |     4 ||    14
 Stab: Sleeping          |     2 |       |       |       ||     2
       Held in net/web   |     2 |       |       |     5 ||     7
  Eat: Corpse            |     4 |     3 |    19 |     9 ||    35
Armor: Leather armour    |    12 |    15 |       |       ||    27
       Ring mail         |       |     8 |   149 |    67 ||   224
Dodge: Dodged            |    54 |    54 |   342 |   225 ||   675
Block: Other             |       |       |       |    12 ||    12
       Reflection        |       |       |       |     2 ||     2
